 Dungeon Crawl Stone Soup version 0.17-a0-562-gfd539b1 (webtiles) character file.

67890 inmateoo the Brawler (level 15, -12/135 HPs)
             Began as a Ghoul Necromancer on Apr 14, 2015.
             Was the Champion of Cheibriados.
             Mangled by a caustic shrike skeleton (17 damage)
             ... summoned by a vampire mage
             ... on level 1 of the Depths.
             The game lasted 01:02:59 (22252 turns).

inmateoo the Brawler (Ghoul Necromancer)           Turns: 22252, Time: 01:02:59

Health: -12/135    AC: 18    Str: 30    XL:     15   Next: 24%
Magic:  9/11       EV: 22    Int: 27    God:    Cheibriados [******]
Gold:   490        SH: 11    Dex: 31    Spells: 6 memorised, 4 levels left

rFire  + + +     SeeInvis .       - Unarmed
rCold  + . .     Clarity  .     f - +5 ring mail of the Fiend {rF++ MP-9 Dex+5}
rNeg   + + +     SustAb   .     I - +3 buckler
rPois  ∞         Gourm    .     Y - +0 hat "Plog" {rElec rPois rN+}
rElec  +         Spirit   .     l - +2 cloak {MR+}
rCorr  +         Warding  .     (no gloves)
rMut   .         Stasis   .     X - +2 pair of boots
MR     +++..                    y - amulet of resist corrosion
Stlth  ++........               J - ring of protection from fire
                                p - ring of protection from magic

@: rotting, studying Fighting, very slow, extremely resistant to hostile
enchantments, unstealthy
A: rotting body, claws 1, carnivore 3, cold resistance 1, negative energy
resistance 3, slow healing 1, torment resistance, unbreathing
a: Bend Time, Temporal Distortion, Slouch, Step From Time, Renounce Religion


You were on level 1 of the Depths.
You worshipped Cheibriados.
Cheibriados was exalted by your worship.
You were not hungry.

You visited 4 branches of the dungeon, and saw 20 of its levels.
You visited the Abyss 1 time.
You also visited: Labyrinth and Bailey.

You collected 1827 gold pieces.
You spent 1337 gold pieces at shops.

Inventory:

Missiles
 L - a throwing net (quivered)
Armour
 f - the +5 ring mail of the Fiend (worn) {rF++ MP-9 Dex+5}
   (You bought it in a shop on level 6 of the Dungeon)

   It affects your dexterity (+5).
   It greatly protects you from fire.
   It affects your magic capacity (-9).
 l - a +2 cloak of magic resistance (worn)
 I - a +3 buckler (worn)
 X - a +2 pair of boots (worn)
 Y - the +0 hat "Plog" (worn) {rElec rPois rN+}
   (You bought it in a shop on level 12 of the Dungeon)

   It insulates you from electricity.
   It protects you from poison.
   It protects you from negative energy.
Magical staves
 K - an uncursed staff of energy
Jewellery
 h - a +2 ring of evasion
 p - a ring of protection from magic (left claw)
 y - an amulet of resist corrosion (around neck)
 E - an uncursed ring of teleportation
 J - a ring of protection from fire (right claw)
 N - the ring "Kumoapp" {+Fly rF++ rC- Dex+3 Stlth+}
   (You found it in a labyrinth)

   [ring of flight]

   It affects your dexterity (+3).
   It greatly protects you from fire.
   It makes you vulnerable to cold.
   It lets you fly.
   It makes you more stealthy.
Magical devices
 b - a wand of fire (0)
 j - a wand of lightning (7)
 o - a wand of heal wounds (2)
 A - a wand of draining (7)
 B - a wand of digging (5)
 G - a wand of disintegration (14)
Scrolls
 g - 5 scrolls of teleportation
 i - 4 scrolls of magic mapping
 s - 2 scrolls of amnesia
 t - a scroll of enchant weapon
 w - 2 scrolls of enchant armour
 x - 5 scrolls of identify
 z - a scroll of blinking
 C - 3 scrolls of recharging
 D - 3 scrolls of fog
 M - 7 scrolls of remove curse
Potions
 e - 9 potions of curing
 k - a potion of ambrosia
 m - 3 potions of restore abilities
 q - a potion of resistance
 r - a potion of magic
 v - 2 potions of might
 F - 2 potions of flight
 O - 2 potions of heal wounds
 T - 2 potions of cancellation
Books
 u - Roxanne's Compendium of the Shifting Rocks
   (You took it off Roxanne on level 15 of the Dungeon)

   Spells                             Type                      Level
   a - Sandblast                      Earth                        1
   b - Stoneskin                      Transmutation/Earth          2
   c - Petrify                        Transmutation/Earth          4
   d - Lee's Rapid Deconstruction     Earth                        5
   e - Statue Form                    Transmutation/Earth          6
 S - a manual of Fighting
 V - a book of Control

   Spells                             Type                      Level
   a - Control Teleport               Charms/Translocation         4
   b - Control Undead                 Necromancy                   4
   c - Metabolic Englaciation         Hexes/Ice                    5
   d - Mass Confusion                 Hexes                        6
Miscellaneous
 H - a phial of floods
Comestibles
 a - 4 chunks of flesh
 c - 7 meat rations
 d - 2 royal jellies
 n - 10 slices of pizza


   Skills:
 + Level 13.0 Fighting
 + Level 6.9 Armour
 + Level 9.1 Dodging
 - Level 2.1 Stealth
 - Level 5.3 Shields
 * Level 16.1 Unarmed Combat
 + Level 4.6 Spellcasting
 - Level 5.0 Charms
 - Level 4.0 Necromancy
 - Level 3.1 Translocations
 + Level 8.8 Invocations
 + Level 5.8 Evocations


You had 4 spell levels left.
You knew the following spells:

 Your Spells              Type           Power        Failure   Level  Hunger
a - Pain                  Necr           ####         1%          1    None
b - Vampiric Draining     Necr           ####......   8%          3    ##.....
c - Regeneration          Chrm/Necr      ####......   6%          3    ##.....
d - Control Teleport      Chrm/Tloc      ####......   21%         4    ####...
e - Gell's Gravitas       Hex/Tloc       ##........   17%         3    ##.....
f - Phase Shift           Tloc           ###.......   83%         5    #####..


Dungeon Overview and Level Annotations

Branches:
Dungeon (15/15)            Temple (1/1) D:4            Lair (0/8) D:11
    Orc (3/4) D:10         Vaults (0/5) D:14         Depths (1/5) D:15
    Elf: Orc:3-4

Altars:
Ashenzari
Cheibriados
Dithmenos
Elyvilon
Fedhas
Gozag
Kikubaaqudgha
Makhleb
Nemelex Xobeh
Okawaru
Qazlal
Ru
Sif Muna
Trog
Vehumet
Xom
Yredelemnul
Zin
The Shining One

Shops:
D:6 [   D:10 }   D:12 =(?[   D:15 !   Orc:2 (*}*!

Portals:
Hell: Depths:1
Abyss: Depths:1


Innate Abilities, Weirdness & Mutations

Your body is rotting away.
You thrive on raw meat.
You are immune to poison.
You have sharp fingernails.
You are carnivorous and can eat meat at any time.
Your flesh is cold resistant.
You are immune to negative energy.
You heal slowly when monsters are visible.
You are immune to unholy pain and torment.
You can survive without breathing.


Message History

You miss the flayed ghost.
The flayed ghost is heavily damaged.
You block the caustic shrike skeleton's attack.
Something hits you!
* * * LOW HITPOINT WARNING * * *
Something bites you but does no damage. The flayed ghost closely misses you.
Unknown command.
You mangle the flayed ghost!!
You destroy the flayed ghost!
The caustic shrike skeleton claws you!
* * * LOW HITPOINT WARNING * * *
Unknown command.
You barely miss the caustic shrike skeleton.
The caustic shrike skeleton completely misses you.
The caustic shrike skeleton misses you.
Unknown command.
You mangle something!! Something hits you.
* * * LOW HITPOINT WARNING * * *
Something completely misses you. The caustic shrike skeleton claws you!
You die...

.#,,,,,,,,,+,,,..#,,,,,,,,,,,,,*,
.#,,,,,,,,,*.....+,,,,,,,,,,,,,*,
##*,,**,,,##.....####+****,,,,**,
#**,,****+#............,,*******,
....,,,,,,#.............,* *,
...,,,,,,,#)...........$,* *,
..T,,,,,,,#.............,* **,
T..,,,,,,,+..............* *,,
..,,,,,,,,#....Z@......#*******,,
#**,,***+*#.....{........,,,,,,,,
***,** ***#..#######.###******,,,
,,,,* #..# *,..,,,,,,***+ ,,,,*
#..# *,**#****,,***
,,,,#######..#######.* *,,,,,***
,,,.......#..#.......* *,,,,,,,,
*##+....[.#..#.......* *,,,,,**,
##........#..#.....?.* *,,,,,**,


You could see a caustic shrike skeleton.

Vanquished Creatures
  Agnes (D:15)
  Roxanne (D:15)
  A tengu reaver (Depths:1)
  8 vault guards (D:14)
  2 jiangshi (Depths:1)
  A minotaur (Lab)
  4 hydras
  Harold (D:12)
  Erolcha (D:8)
  3 tengu warriors (D:15)
  An ogre mage (D:15)
  3 centaur warriors
  2 deep troll shamans (Depths:1)
  12 slime creatures
  Sonja (Orc:3)
  Nergalle (D:12)
  2 unseen horrors
  A flayed ghost (Depths:1)
  A death drake (shapeshifter) (D:15)
  3 iron trolls (Depths:1)
  8 hill giants
  Pikel (D:5)
  3 deep trolls (Depths:1)
  A wolf spider zombie (D:15)
  2 orc knights
  A manticore (D:15)
  A griffon (D:13)
  10 ugly things
  2 cyclopes
  An octopode (shapeshifter) (D:13)
  Maurice (D:8)
  Psyche (D:8)
  4 gargoyles
  Prince Ribbit (D:5)
  An efreet (D:15)
  A komodo dragon (D:10)
  A harpy zombie (D:15)
  A freezing wraith (D:14)
  6 trolls
  6 ravens (D:15)
  2 two-headed ogres
  A trapdoor spider (D:11)
  6 shadows
  2 wyverns
  A deep elf mage (D:13)
  8 hippogriffs
  3 fire elementals (D:13)
  19 yaks
  2 vampire mosquitoes (D:15)
  A steam dragon (D:11)
  A vampire (D:15)
  2 wargs (Orc:2)
  A mottled dragon (D:15)
  A soldier ant (shapeshifter) (D:15)
  A slave (D:5)
  5 phantoms
  4 black bears
  A wasp (D:10)
  5 sky beasts
  30 orc warriors
  4 boggarts (D:15)
  2 crocodiles (D:11)
  5 centaurs
  7 ogres
  5 big kobolds
  A boring beetle (shapeshifter) (D:15)
  A gnoll sergeant (D:10)
  8 giant frogs
  A wyvern skeleton (D:9)
  4 scorpions
  10 wights
  13 killer bees
  An electric eel (D:15)
  12 crimson imps
  5 hounds
  2 giant frog zombies (D:12)
  2 giant frog skeletons
  4 centaur skeletons
  3 centaur zombies
  3 jellies
  Crazy Yiuf (D:7)
  34 orc priests
  26 orc wizards
  8 iguanas
  13 worker ants
  2 sheep (D:13)
  3 hound skeletons
  9 gnolls
  A shadow imp (D:10)
  13 adders
  An ooze (D:3)
  An adder skeleton (D:6)
  An adder zombie (D:9)
  3 worms
  6 giant geckos
  183 orcs
  15 bats
  7 giant cockroaches
  8 hobgoblins
  9 jackals
  20 kobolds
  8 quokkas
  A giant gecko skeleton (D:5)
  A giant gecko zombie (D:7)
  5 giant newts
  2 giant spores (D:11)
  20 goblins
  11 rats
  23 ballistomycetes
727 creatures vanquished.

Vanquished Creatures (collateral kills)
  Urug (D:10)
  A guardian serpent (shapeshifter) (D:15)
2 creatures vanquished.

Vanquished Creatures (others)
  A water elemental (D:10)
  2 slaves (D:5)
  3 orcs
  6 giant spores
  A fungus (Orc:2)
13 creatures vanquished.

Grand Total: 742 creatures vanquished

Notes
Turn   | Place    | Note
--------------------------------------------------------------
     0 | D:1      | inmateoo, the Ghoul Necromancer, began the quest for the Orb.
     0 | D:1      | Reached XP level 1. HP: 14/14 MP: 2/2
   426 | D:1      | Reached skill level 1 in Unarmed Combat
   454 | D:1      | Reached skill level 1 in Fighting
   454 | D:1      | Reached XP level 2. HP: 17/22 MP: 0/3
   843 | D:2      | Reached XP level 3. HP: 28/28 MP: 4/4
   877 | D:2      | Found an ancient bone altar of Kikubaaqudgha.
  1534 | D:2      | Reached XP level 4. HP: 32/36 MP: 5/5
  1744 | D:3      | Learned a level 3 spell: Vampiric Draining
  2016 | D:3      | Found a blossoming altar of Fedhas.
  2070 | D:3      | Reached XP level 5. HP: 40/42 MP: 6/6
  2824 | D:4      | Reached skill level 5 in Unarmed Combat
  2824 | D:4      | Reached XP level 6. HP: 27/51 MP: 7/7
  3122 | D:4      | Found a staircase to the Ecumenical Temple.
  3137 | Temple   | Entered the Ecumenical Temple
  3233 | Temple   | Became a worshipper of Cheibriados the Contemplative
  4080 | D:5      | Entered Level 5 of the Dungeon
  4166 | D:5      | Reached skill level 6 in Unarmed Combat
  4536 | D:5      | Noticed Pikel
  4538 | D:5      | Noticed Prince Ribbit
  4548 | D:5      | Killed Pikel
  4548 | D:5      | Acquired Cheibriados's first power
  4548 | D:5      | Reached skill level 5 in Fighting
  4548 | D:5      | Reached skill level 7 in Unarmed Combat
  4548 | D:5      | Reached XP level 7. HP: 13/59 MP: 8/8
  4548 | D:5      | Reached XP level 8. HP: 14/66 MP: 9/9
  4587 | D:5      | Killed Prince Ribbit
  4587 | D:5      | Reached skill level 8 in Unarmed Combat
  5285 | D:5      | Learned a level 3 spell: Regeneration
  5342 | D:5      | Found a shattered altar of Ashenzari.
  5343 | D:5      | Found a shadowy altar of Dithmenos.
  5584 | D:5      | Reached skill level 9 in Unarmed Combat
  6022 | D:6      | Reached XP level 9. HP: 36/78 MP: 10/10
  6419 | D:6      | Found a glowing golden altar of the Shining One.
  6536 | D:6      | Found Odduan's Antique Armour Shoppe.
  6544 | D:6      | Bought an embroidered cloak for 126 gold pieces
  6791 | D:6      | Reached skill level 10 in Unarmed Combat
  7100 | D:7      | Acquired Cheibriados's second power
  7336 | D:7      | Noticed Crazy Yiuf
  7342 | D:7      | Killed Crazy Yiuf
  7498 | D:8      | Noticed Psyche
  7509 | D:8      | Cast into the Abyss (Psyche)
  7509 | Abyss:1  | Found a corrupted altar of Lugonu.
  7523 | D:8      | Escaped the Abyss
  7528 | D:8      | Killed Psyche
  7755 | D:8      | Noticed Maurice
  7932 | D:8      | HP: 1/79 [something (14)]
  7983 | D:8      | Reached skill level 11 in Unarmed Combat
  8046 | D:8      | Reached XP level 10. HP: 88/88 MP: 13/13
  8230 | D:8      | Noticed Erolcha
  8248 | D:9      | Acquired Cheibriados's third power
  8511 | D:9      | Found a bloodstained altar of Trog.
  8579 | D:9      | Reached skill level 1 in Invocations
  8617 | D:9      | Acquired Cheibriados's fourth power
  8999 | D:10     | Entered Level 10 of the Dungeon
  9066 | D:10     | Reached skill level 5 in Dodging
  9130 | D:10     | Found Owamaub's Gadget Boutique.
  9261 | D:10     | Reached skill level 12 in Unarmed Combat
  9361 | D:10     | Noticed Urug
  9365 | D:10     | Reached skill level 1 in Armour
  9375 | D:10     | Killed Urug
  9375 | D:10     | Reached skill level 1 in Shields
  9375 | D:10     | Reached XP level 11. HP: 36/95 MP: 16/16
  9774 | D:10     | You fall through a shaft for 3 floors!
  9821 | D:13     | Learned a level 4 spell: Control Teleport
  9861 | D:13     | Noticed a centaur warrior
  9877 | D:13     | Killed a centaur warrior
 10123 | D:12     | Found Siomumeoch's Antique Weapon Shop.
 10126 | D:12     | Noticed a hill giant
 10135 | D:12     | Killed a hill giant
 10135 | D:12     | Reached skill level 1 in Translocations
 10146 | D:12     | Found Beacay's Magic Scroll Boutique.
 10164 | D:12     | Found Owi Mua's Antique Armour Boutique.
 10245 | D:12     | Bought a scroll of teleportation for 33 gold pieces
 10287 | D:12     | Noticed a hill giant
 10299 | D:12     | Killed a hill giant
 10320 | D:12     | Found Acleyd's Jewellery Shop.
 10358 | D:12     | Found a labyrinth entrance.
 10364 | D:12     | Noticed Nergalle
 10367 | Lab      | Entered a labyrinth
 12908 | Lab      | Noticed a minotaur
 12919 | Lab      | Killed a minotaur
 12919 | Lab      | Reached skill level 13 in Unarmed Combat
 12921 | Lab      | Got a scorched granite ring
 12928 | Lab      | Got a shimmering plate armour
 12940 | Lab      | Identified the ring "Kumoapp" {+Fly rF++ rC- Dex+3 Stlth+} (You found it in a labyrinth)
 12957 | D:12     | Noticed a spectral orc warlord
 12961 | D:12     | Killed Nergalle
 13002 | D:12     | Identified the cursed +0 plate armour of Immorality {Int-5 Dex+6} (You found it in a labyrinth)
 13339 | D:12     | Noticed Harold
 13355 | D:12     | Killed Harold
 13355 | D:12     | Reached XP level 12. HP: 74/105 MP: 17/17
 13495 | D:12     | Killed an unseen horror
 13812 | D:12     | Reached skill level 5 in Invocations
 14020 | D:10     | Noticed a hill giant
 14028 | D:10     | Killed a hill giant
 14271 | D:10     | Found a staircase to the Orcish Mines.
 14307 | Orc:1    | Entered Level 1 of the Orcish Mines
 14445 | Orc:1    | Found a flagged portal.
 14502 | Orc:1    | Found a deep blue altar of Sif Muna.
 14526 | Bailey   | Entered a bailey
 14827 | Bailey   | Reached skill level 1 in Evocations
 14960 | Bailey   | Reached skill level 10 in Fighting
 15005 | Bailey   | Drew Focus: Str increased to 14, Dex decreased to 10
 15340 | Orc:1    | Identified Sif Muna's Handbook of Moulding (You found it on level 1 of the Orcish Mines)
 15350 | Orc:1    | Learned a level 3 spell: Gell's Gravitas
 15356 | Orc:1    | Learned a level 5 spell: Phase Shift
 15410 | Orc:2    | Found Mavamag's Gadget Emporium.
 15411 | Orc:2    | Found Hoarch's Antique Weapon Boutique.
 15503 | Orc:2    | Found Wahost's Distillery.
 15535 | Orc:2    | Bought a potion of agility for 52 gold pieces
 15535 | Orc:2    | Bought a potion of flight for 39 gold pieces
 15535 | Orc:2    | Bought a potion of lignification for 39 gold pieces
 15545 | Orc:2    | Reached skill level 1 in Charms
 15573 | Orc:2    | Found Poczuigh's Assorted Antiques.
 15727 | Orc:2    | Found Qicvuf's Assorted Antiques.
 15839 | Orc:2    | Bought a scroll of remove curse for 84 gold pieces
 16216 | Orc:3    | Noticed Sonja
 16219 | Orc:3    | Killed Sonja
 16799 | D:11     | Found a white marble altar of Elyvilon.
 16899 | D:11     | Reached skill level 14 in Unarmed Combat
 16913 | D:11     | Reached XP level 13. HP: 96/114 MP: 18/18
 17078 | D:11     | Reached skill level 5 in Shields
 17259 | D:11     | Found a staircase to the Lair.
 17875 | D:12     | Bought a pair of glowing boots for 135 gold pieces
 17875 | D:12     | Bought a smoking hat for 270 gold pieces
 17875 | D:12     | Bought a pair of glowing gloves for 135 gold pieces
 17882 | D:12     | Identified the +0 hat "Plog" {rElec rPois rN+} (You bought it in a shop on level 12 of the Dungeon)
 17940 | D:12     | Noticed an eight-headed hydra
 17945 | D:12     | Killed an eight-headed hydra
 17962 | D:12     | Bought a scroll of identify for 22 gold pieces
 17962 | D:12     | Bought a scroll of identify for 22 gold pieces
 18182 | D:8      | Killed Erolcha
 18657 | D:6      | Bought a fine ring mail for 252 gold pieces
 18668 | D:6      | Identified the +5 ring mail of the Fiend {rF++ MP-9 Dex+5} (You bought it in a shop on level 6 of the Dungeon)
 18778 | D:8      | Killed Maurice
 18778 | D:8      | Reached skill level 5 in Armour
 19667 | D:13     | Noticed a hill giant
 19672 | D:13     | Killed a hill giant
 19820 | D:13     | Noticed a three-headed hydra
 19846 | D:13     | Killed a three-headed hydra
 20016 | D:14     | Found a gate to the Vaults.
 20016 | D:14     | Noticed a vault guard
 20016 | D:14     | Noticed a vault guard
 20016 | D:14     | Noticed a vault guard
 20016 | D:14     | Noticed a vault guard
 20017 | D:14     | Noticed a vault guard
 20017 | D:14     | Noticed a vault guard
 20020 | D:14     | Noticed a vault guard
 20021 | D:14     | Noticed a vault guard
 20026 | D:14     | Killed a vault guard
 20031 | D:14     | Killed a vault guard
 20035 | D:14     | Killed a vault guard
 20041 | D:14     | Killed a vault guard
 20041 | D:14     | Reached XP level 14. HP: 105/123 MP: 6/19
 20053 | D:14     | Killed a vault guard
 20062 | D:14     | Killed a vault guard
 20066 | D:14     | Killed a vault guard
 20075 | D:14     | Killed a vault guard
 20127 | D:14     | Reached skill level 15 in Unarmed Combat
 20485 | D:15     | Entered Level 15 of the Dungeon
 20500 | D:15     | Found Liorim's Distillery.
 20506 | D:15     | Bought a potion of ambrosia for 128 gold pieces
 20751 | D:15     | Noticed Roxanne
 20778 | D:15     | Noticed Agnes
 20787 | D:15     | Killed Agnes
 21058 | D:15     | Reached skill level 5 in Charms
 21069 | D:15     | Reached skill level 5 in Evocations
 21076 | D:15     | Found a staircase to the Depths.
 21950 | D:15     | Killed Roxanne
 21950 | D:15     | Reached XP level 15. HP: 128/134 MP: 11/20
 21962 | D:15     | Identified Roxanne's Compendium of the Shifting Rocks (You took it off Roxanne on level 15 of the Dungeon)
 22012 | Depths:1 | Entered Level 1 of the Depths
 22012 | Depths:1 | Noticed a tengu reaver
 22020 | Depths:1 | Killed a tengu reaver
 22056 | Depths:1 | Reached skill level 16 in Unarmed Combat
 22182 | Depths:1 | Found a one-way gate to the infinite horrors of the Abyss.
 22213 | Depths:1 | Found a gateway to Hell.
 22252 | Depths:1 | HP: 5/135 [something (6)]
 22252 | Depths:1 | Mangled by a caustic shrike skeleton

Action                   |  1- 3 |  4- 6 |  7- 9 | 10-12 | 13-15 || total
-------------------------+-------+-------+-------+-------+-------++-------
Melee: Unarmed           |    62 |   237 |   295 |   864 |   781 ||  2239
       Spear             |    27 |       |       |       |       ||    27
       Mace              |       |    24 |    20 |       |       ||    44
 Cast: Pain              |    32 |    14 |       |       |       ||    46
       Vampiric Draining |       |       |     4 |       |       ||     4
       Regeneration      |       |       |     4 |    26 |    18 ||    48
Invok: Slouch            |       |       |       |     7 |     2 ||     9
 Abil: Evoke Flight      |       |       |       |     5 |       ||     5
Evoke: Wand              |       |       |       |    24 |     5 ||    29
       Phial of floods   |       |       |       |     2 |     1 ||     3
       Deck              |       |       |       |     2 |     2 ||     4
  Use: Scroll            |       |    13 |    10 |    18 |     4 ||    45
       Potion            |       |     4 |     4 |     1 |     5 ||    14
 Stab: Sleeping          |     1 |     1 |     2 |    14 |     4 ||    22
       Distracted        |       |       |     2 |     2 |     1 ||     5
  Eat: Chunk             |    18 |    23 |    35 |   103 |    65 ||   244
       Beef jerky        |       |       |       |     1 |       ||     1
       Meat ration       |       |       |       |       |     1 ||     1
